[Event "December 5 Late 2023"]
[Site "https://www.chess.com"]
[Date "2023.12.05"]
[Round "5"]
[White "Thake, Conrad"]
[Black "Martins, Vinicius Tine"]
[Result "0-1"]
[Board "107"]
[TimeControl "180+1"]
[WhiteFideId "5602947"]
[BlackFideId "2112884"]
[WhiteElo "1959"]
[BlackElo "2630"]
[WhiteTeam "MLT"]
[BlackTeam "BRA"]
[WhiteClock "0:00:07"]
[BlackClock "0:00:12"]

1. e4 d6 2. d4 Nf6 3. Nc3 g6 4. Nf3 Bg7 5. h3 O-O 6. Be2 c5 7. Be3 cxd4 8. Nxd4 Nc6 9. O-O Nxd4 10. Bxd4 Bd7 11. Qd2 Bc6 12. f3 Qa5 13. Rfd1 Rfe8 14. Kh1 Qh5 15. Bc4 Bh6 16. Be3 Bxe3 17. Qxe3 Qh4 18. Qe1 Qg5 19. Qd2 Qe5 20. Qd4 Qh5 21. Ne2 Rac8 22. Bb3 Nxe4 23. Nf4 Ng3+ 24. Kh2 Qg5 25. Qf2 Qxf4 26. Qxg3 Qxg3+ 27. Kxg3 e6 28. Rxd6 Kf8 29. Rad1 Ke7 30. c3 h5 31. h4 Rg8 32. R6d4 g5 33. hxg5 Rxg5+ 34. Kf2 Rcg8 35. Rg1 Rg3 36. Rh4 Bxf3 37. Rh2 Bc6 38. Bd1 h4 39. Rh3 Rxg2+ 40. Rxg2 Rxg2+ 41. Ke3 Rxb2 42. Rxh4 Rxa2 43. Rb4 Ra3 44. Kd4 Kd6 45. Bg4 Bd5 46. c4 Bc6 47. c5+ Kc7 48. Bd1 f5 49. Bh5 Ra4 50. Rxa4 Bxa4 51. Ke5 Bd7 52. Bf7 Kc6 53. Bxe6 Bxe6 54. Kxe6 Kxc5 0-1

[Event "December 5 Late 2023"]
[Site "https://www.chess.com"]
[Date "2023.12.05"]
[Round "5"]
[White "Al-Saffar, Araz Basim Mohammed S"]
[Black "Manukyan, Sargis A."]
[Result "0-1"]
[Board "108"]
[TimeControl "180+1"]
[WhiteFideId "4801040"]
[BlackFideId "13303970"]
[WhiteElo "2387"]
[BlackElo "2576"]
[WhiteTeam "IRQ"]
[BlackTeam "ARM"]
[WhiteClock "0:00:14"]
[BlackClock "0:00:18"]

1. Nf3 d5 2. g3 Nf6 3. Bg2 e6 4. O-O Be7 5. c4 O-O 6. b3 c5 7. cxd5 exd5 8. d4 Nc6 9. Bb2 Be6 10. Nc3 a6 11. Rc1 Rc8 12. dxc5 Bxc5 13. Na4 Ba7 14. Nc5 Ne4 15. Nxe4 dxe4 16. Qxd8 Rfxd8 17. Ng5 e3 18. f4 Bg4 19. Bf3 Bxf3 20. Nxf3 Nb4 21. Rxc8 Rxc8 22. a3 Nc6 23. Rc1 f6 24. Bd4 Rd8 25. Bxa7 Nxa7 26. Rc3 Nb5 27. Rxe3 Nxa3 28. Re7 b5 29. Ra7 Rd6 30. Kf2 Nb1 31. e4 Nc3 32. e5 fxe5 33. Nxe5 h6 34. f5 Rd5 35. Re7 h5 36. Ke3 a5 37. Kf4 a4 38. Re8+ Kh7 39. Nf7 g6 40. f6 Rf5+ 41. Ke3 Nd5+ 42. Kd4 Nxf6 43. Re7 Rd5+ 44. Kc3 Rd7 45. Ng5+ Kg8 46. Rxd7 Nxd7 47. bxa4 bxa4 48. Kb4 Nb6 49. Ne4 Kf7 50. Kb5 a3 51. Nc3 Nd5 52. Na2 Ne3 53. Kb4 Nf1 54. Kxa3 Nxh2 55. Kb4 Nf1 56. Kc4 Nxg3 57. Kd4 Nf5+ 58. Ke5 Ne7 59. Nc3 Nc6+ 60. Kd6 Nb4 61. Ke5 Nd3+ 62. Ke4 Nf2+ 63. Kf3 Ng4 64. Kf4 Kg7 65. Ne4 Kh6 66. Ng5 Nf6 67. Nf7+ Kg7 68. Ng5 Nd5+ 69. Ke5 Ne7 70. Ne6+ Kh6 71. Kf6 Nd5+ 72. Ke5 Ne3 73. Kf4 Ng4 74. Ng5 Nh2 75. Nf7+ Kg7 76. Ng5 Nf1 77. Ne6+ Kf6 78. Ng5 Nd2 79. Nh7+ Kg7 80. Ng5 Nb3 81. Ne6+ Kf6 82. Ng5 Nd4 83. Nh7+ Ke7 84. Ng5 Ne6+ 85. Nxe6 Kxe6 86. Kg5 Kf7 87. Kh4 Kf6 88. Kg3 Kg5 89. Kh3 h4 90. Kg2 Kh5 91. Kh3 g5 92. Kh2 g4 93. Kg2 Kg5 94. Kh2 Kf4 95. Kg2 h3+ 96. Kf2 Kg5 97. Kg1 Kh4 98. Kf2 g3+ 99. Ke2 Kg4 100. Kf1 Kf3 101. Kg1 g2 102. Kh2 Kf2 103. Kxh3 g1=Q 104. Kh4 Qg6 105. Kh3 Qg3# 0-1

[Event "December 5 Late 2023"]
[Site "https://www.chess.com"]
[Date "2023.12.05"]
[Round "5"]
[White "Erzhanov, Arman"]
[Black "Matrix3x3a"]
[Result "1-0"]
[Board "109"]
[TimeControl "180+1"]
[WhiteFideId "4138821"]
[WhiteElo "2525"]
[BlackElo "2438"]
[WhiteTeam "KAZ"]
[WhiteClock "0:02:59"]
[BlackClock "0:01:05"]

1. e4 c5 2. Nf3 d6 3. d4 cxd4 4. Qxd4 Nc6 5. Qe3 Nf6 6. h3 g6 7. Be2 Bg7 8. O-O O-O 9. Rd1 Qe8 10. c4 Be6 11. Nc3 Bd7 12. Rb1 Be6 13. b3 Bd7 14. Bb2 Be6 15. Nd5 Bd7 16. Nc7 Qd8 17. Nxa8 Qxa8 18. Nd4 Nxd4 19. Qxd4 Bc6 1-0

[Event "December 5 Late 2023"]
[Site "https://www.chess.com"]
[Date "2023.12.05"]
[Round "5"]
[White "Gerbelli Neto, Eduardo"]
[Black "Leenhouts, Koen"]
[Result "0-1"]
[Board "110"]
[TimeControl "180+1"]
[WhiteFideId "2103281"]
[BlackFideId "1008439"]
[WhiteElo "2327"]
[BlackElo "2519"]
[WhiteTeam "BRA"]
[BlackTeam "NED"]
[WhiteClock "0:00:00"]
[BlackClock "0:00:29"]

1. e4 e6 2. d4 d5 3. Nc3 Bb4 4. Ne2 dxe4 5. a3 Be7 6. Nxe4 Nf6 7. N2g3 Nbd7 8. Bd3 b6 9. O-O Bb7 10. Qe2 O-O 11. c4 c5 12. dxc5 Nxc5 13. Nxc5 Bxc5 14. Bg5 Be7 15. Rad1 Qc7 16. b4 Rfd8 17. Rfe1 a5 18. Bxf6 Bxf6 19. Ne4 Be7 20. Rb1 axb4 21. axb4 Ra3 22. Red1 Qf4 23. f3 Qe5 24. Bc2 Rd4 25. Rxd4 Qxd4+ 26. Nf2 Ra1 27. Rxa1 Qxa1+ 28. Qd1 Qxd1+ 29. Nxd1 Bxb4 30. Kf1 h6 31. Ke2 Kf8 32. Nb2 Ke7 33. Nd3 Bd6 34. g3 Ba6 35. Bb3 Bc5 36. Kd2 Kd6 37. h3 Bb7 38. f4 g5 39. Ne5 Ke7 40. fxg5 hxg5 41. Kd3 Bd6 0-1

[Event "December 5 Late 2023"]
[Site "https://www.chess.com"]
[Date "2023.12.05"]
[Round "5"]
[White "Kornyukov, Alexey"]
[Black "Chylewski, Patryk"]
[Result "0-1"]
[Board "111"]
[TimeControl "180+1"]
[WhiteFideId "4150457"]
[BlackFideId "1186191"]
[WhiteElo "2323"]
[BlackElo "2514"]
[WhiteTeam "RUS"]
[BlackTeam "POL"]
[WhiteClock "0:00:04"]
[BlackClock "0:00:11"]

1. d4 Nf6 2. c4 e6 3. Nc3 Bb4 4. f3 d5 5. a3 Bxc3+ 6. bxc3 c5 7. e3 O-O 8. cxd5 Nxd5 9. Bd2 b6 10. f4 Bb7 11. Nf3 Nf6 12. Bd3 Ne4 13. Qc2 f5 14. O-O Nd7 15. Qb3 Qe7 16. Bxe4 Bxe4 17. Ng5 Bd5 18. c4 Bb7 19. d5 exd5 20. cxd5 Qd6 21. Bc3 Qxd5 22. Qb2 Nf6 23. Rad1 Qc6 24. Bxf6 Rxf6 25. Rf2 h6 26. Nf3 Qe4 27. Rd7 Bc6 28. Rc7 Rd8 29. h3 Qxe3 30. Kh2 Qxf4+ 31. Kh1 Qxc7 32. Ne5 Qd6 33. Re2 Be4 34. Kh2 c4 35. g3 Re6 36. Nxc4 Qd3 37. Rd2 Qxc4 38. Rxd8+ Kh7 39. Qd2 Qc2 40. Qxc2 Bxc2 41. Rd7 a5 42. Kg1 Be4 43. Rd4 b5 44. Kf2 Rb6 45. g4 b4 46. gxf5 Bxf5 47. axb4 axb4 48. Rd5 b3 49. Rxf5 b2 50. Rb5 Rxb5 51. Kg3 b1=Q 52. Kh4 Qe4+ 53. Kg3 Rb3+ 54. Kf2 Qc2+ 55. Ke1 Rb1# 0-1

[Event "December 5 Late 2023"]
[Site "https://www.chess.com"]
[Date "2023.12.05"]
[Round "5"]
[White "Kotyk, Michael"]
[Black "Paragua, Megan Althea"]
[Result "0-1"]
[Board "112"]
[TimeControl "180+1"]
[WhiteFideId "16214501"]
[BlackFideId "30973007"]
[WhiteElo "2509"]
[BlackElo "2280"]
[WhiteTeam "GER"]
[BlackTeam "USA"]
[WhiteClock "0:00:00"]
[BlackClock "0:00:04"]

1. e4 c5 2. Nc3 d6 3. f4 Nf6 4. Nf3 e6 5. Bb5+ Bd7 6. Bxd7+ Qxd7 7. d3 Be7 8. O-O O-O 9. Qe1 Nc6 10. e5 dxe5 11. fxe5 Nd5 12. Ne4 Kh8 13. Bg5 Ndb4 14. Qg3 Nxc2 15. Rac1 N2d4 16. Rf2 Nxf3+ 17. Rxf3 Bxg5 18. Nxg5 Qd4+ 19. Kh1 Nxe5 20. Rf4 Qxd3 21. Qh4 h6 22. Qh5 Qg6 23. Nxf7+ Kg8 24. Qxe5 Rxf7 25. Rxf7 Qxf7 26. Qxc5 Rf8 27. h3 b6 28. Qd6 Qf5 29. Re1 Re8 30. Qd7 Qf7 31. Qd6 Qe7 32. Qe5 Qc5 33. Qe4 e5 34. a3 Qe7 35. b4 Qe6 36. Rc1 Rf8 37. Re1 Re8 38. Qb7 a5 39. bxa5 bxa5 40. Qb5 e4 41. Qxa5 e3 42. a4 e2 43. Qd2 Qc4 44. a5 Qa6 45. Qb4 Re6 46. Kh2 Kh7 47. Kg1 Qa7+ 48. Kh2 Qf2 49. Qd2 Re3 50. Kh1 Qf1+ 51. Kh2 Qf4+ 52. Kg1 Qe4 53. Kf2 Qe5 54. Rxe2 Qf4+ 55. Ke1 Qg3+ 56. Kd1 Rd3 57. Re3 Rxd2+ 58. Kxd2 Qxg2+ 59. Kd3 Qa8 0-1

[Event "December 5 Late 2023"]
[Site "https://www.chess.com"]
[Date "2023.12.05"]
[Round "5"]
[White "Sarkar, Justin"]
[Black "Senft, Sean"]
[Result "1-0"]
[Board "113"]
[TimeControl "180+1"]
[WhiteFideId "2010011"]
[BlackFideId "2044960"]
[WhiteElo "2289"]
[BlackElo "2486"]
[WhiteTeam "USA"]
[BlackTeam "USA"]
[WhiteClock "0:01:00"]
[BlackClock "0:01:11"]

1. d4 d5 2. e4 dxe4 3. Nc3 Nf6 4. f3 exf3 5. Nxf3 e6 6. Bg5 Be7 7. Bd3 Nbd7 8. O-O O-O 9. Qe2 b6 10. Rad1 Bb7 11. Ne5 Nd5 12. Bxh7+ Kxh7 13. Qh5+ Kg8 14. Nxf7 Rxf7 15. Qxf7+ Kh8 16. Qh5+ Kg8 17. Qf7+ Kh8 18. Bxe7 Qxe7 19. Nxd5 Qg5 20. Rd3 Nf6 21. Rh3+ Nh7 22. Qf8+ Rxf8 23. Rxf8# 1-0

[Event "December 5 Late 2023"]
[Site "https://www.chess.com"]
[Date "2023.12.05"]
[Round "5"]
[White "Dilmukhametov, Artur"]
[Black "Cardozo Munar, Carlos Eduardo"]
[Result "1-0"]
[Board "114"]
[TimeControl "180+1"]
[WhiteFideId "24179922"]
[BlackFideId "4409477"]
[WhiteElo "2476"]
[BlackElo "2272"]
[WhiteTeam "RUS"]
[BlackTeam "COL"]
[WhiteClock "0:01:08"]
[BlackClock "0:01:06"]

1. e4 e6 2. d4 d5 3. e5 c5 4. c3 Nc6 5. Nf3 Qb6 6. a3 Nh6 7. b4 cxd4 8. cxd4 Nf5 9. Be3 Bd7 10. Nc3 Be7 11. Na4 Qc7 12. Nc5 a6 13. Bd3 Nxe3 14. fxe3 f5 15. O-O O-O 16. Qe1 Bxc5 17. bxc5 b6 18. Rc1 bxc5 19. Rxc5 Qd8 20. Qg3 h6 21. Rfc1 Qe7 22. Nh4 Rfc8 23. Ng6 Qf7 24. Nf4 Ne7 25. Be2 Bb5 26. Bh5 Qf8 27. Nxe6 Rxc5 28. Rxc5 f4 29. exf4 Nf5 30. Qg6 Qe7 31. Rc7 Be8 32. Qxf5 1-0

[Event "December 5 Late 2023"]
[Site "https://www.chess.com"]
[Date "2023.12.05"]
[Round "5"]
[White "Dong, Kyle Qiyu"]
[Black "Argandona Riveiro, Inigo"]
[Result "0-1"]
[Board "116"]
[TimeControl "180+1"]
[WhiteFideId "30977380"]
[BlackFideId "2212072"]
[WhiteElo "2271"]
[BlackElo "2442"]
[WhiteTeam "USA"]
[BlackTeam "ESP"]
[WhiteClock "0:00:00"]
[BlackClock "0:00:15"]

1. e4 d6 2. d4 Nf6 3. Nc3 e5 4. Nf3 Nbd7 5. Be2 Be7 6. h3 O-O 7. Be3 c6 8. O-O b5 9. a3 Bb7 10. Qd3 exd4 11. Bxd4 c5 12. Bxf6 Nxf6 13. Qxb5 Rb8 14. Qc4 Nxe4 15. Nxe4 d5 16. Nf6+ Bxf6 17. Qxc5 Bxb2 18. Rab1 Bf6 19. Qxa7 Bc6 20. Rxb8 Qxb8 21. Qc5 Rc8 22. Bd3 g6 23. Re1 d4 24. Qa5 Bxf3 25. gxf3 Qf4 26. Qd5 Rd8 27. Qe4 Qc7 28. a4 Kg7 29. f4 Rd7 30. Qf3 Qa5 31. Bb5 Qxe1+ 32. Kg2 Re7 33. Qd3 Qe4+ 34. Qxe4 Rxe4 35. Kf3 Re7 36. a5 Ra7 37. a6 Kf8 38. Ke4 Ke7 39. Kd5 Kd8 40. Kc6 d3 41. Bxd3 Bd4 42. f3 Ke7 43. Bb5 Bf2 44. c4 h5 45. c5 Kd8 46. Kb6 Bxc5+ 47. Kxc5 Kc7 0-1

[Event "December 5 Late 2023"]
[Site "https://www.chess.com"]
[Date "2023.12.05"]
[Round "5"]
[White "Teumer, Joerg, Dr."]
[Black "Stevens, Matthew"]
[Result "0-1"]
[Board "117"]
[TimeControl "180+1"]
[WhiteFideId "4643526"]
[BlackFideId "2067633"]
[WhiteElo "2124"]
[BlackElo "2346"]
[WhiteTeam "GER"]
[BlackTeam "USA"]
[WhiteClock "0:00:00"]
[BlackClock "0:00:06"]

1. d4 Nf6 2. Bg5 Ne4 3. Bf4 d5 4. e3 Bf5 5. f3 Nf6 6. c4 c6 7. Qb3 Qb6 8. c5 Qxb3 9. axb3 Nbd7 10. b4 Bxb1 11. Rxb1 a6 12. Bd3 Nh5 13. Ne2 Nxf4 14. Nxf4 e5 15. Ne2 g6 16. Kd2 Bh6 17. f4 exf4 18. exf4 O-O 19. g3 Rfe8 20. Rhe1 Bg7 21. b3 Re7 22. Ng1 Rxe1 23. Rxe1 Bxd4 24. Nf3 Bf6 25. Re2 Kf8 26. h3 Re8 27. Rxe8+ Kxe8 28. g4 Ke7 29. Bc2 Nf8 30. f5 g5 31. Kd3 h6 32. Bd1 Nd7 33. Be2 Kf8 34. Bf1 Kg7 35. Be2 Bd8 36. Nd4 a5 37. bxa5 Nxc5+ 38. Ke3 Bxa5 39. Nc2 Bb6 40. Kf3 Ne4 41. Bd3 Nd6 42. b4 Kf6 43. Be2 Bc7 44. Bd3 Nb5 45. Bxb5 cxb5 46. Nd4 Bd6 47. Nxb5 Bxb4 48. Ke3 Bc5+ 49. Kd3 Ke5 50. Nc7 b6 51. Nb5 Kf4 52. Nc3 d4 53. Ne4 Kf3 54. Nf6 Kg3 55. Ng8 Bf8 56. Ke4 Kxh3 57. Nf6 Be7 58. Nd5 Bd8 59. Kxd4 Kxg4 60. Ke4 h5 61. Ne3+ Kg3 62. Nc4 Bc7 63. Ne3 h4 64. Nd5 Bd8 65. Ne3 h3 66. Nf1+ Kg2 67. Ne3+ Kg1 68. Ng4 h2 0-1

[Event "December 5 Late 2023"]
[Site "https://www.chess.com"]
[Date "2023.12.05"]
[Round "5"]
[White "Lymar, Vladislav"]
[Black "Silvestre, Christian"]
[Result "0-1"]
[Board "118"]
[TimeControl "180+1"]
[WhiteFideId "14162180"]
[BlackFideId "30956269"]
[WhiteElo "2594"]
[BlackElo "2311"]
[WhiteTeam "UKR"]
[BlackTeam "USA"]
[WhiteClock "0:00:08"]
[BlackClock "0:00:18"]

1. d4 e5 2. dxe5 Nc6 3. Nf3 Qe7 4. Qd5 f6 5. exf6 Nxf6 6. Qb3 b6 7. Bg5 Bb7 8. Nc3 O-O-O 9. Nd5 Qd6 10. O-O-O Na5 11. Qd3 Nxd5 12. Bxd8 Kxd8 13. Kb1 Nb4 14. Qxd6 Bxd6 15. a3 Nbc6 16. e4 Ne5 17. Bb5 Nxf3 18. gxf3 Bc6 19. Bxc6 Nxc6 20. Rd5 Rf8 21. Rf5 Rxf5 22. exf5 Nd4 23. f6 g6 24. h4 Ke8 25. h5 g5 26. Rh3 Kf7 27. c3 Ne6 28. h6 Kxf6 29. Kc2 Kg6 30. Rh1 Nf4 31. c4 Nh5 32. Kd3 Kxh6 33. b4 Kg6 34. Ke4 Nf6+ 35. Kd4 h5 36. c5 Bf4 37. cxb6 cxb6 38. Kc4 d5+ 39. Kb5 d4 40. Ka6 d3 41. Kxa7 d2 42. Kxb6 Nd5+ 43. Kc5 Nc3 44. b5 d1=Q 45. Rxd1 Nxd1 46. a4 h4 47. a5 h3 48. a6 Bb8 49. a7 Bxa7+ 50. b6 Bxb6+ 51. Kxb6 h2 0-1

[Event "December 5 Late 2023"]
[Site "https://www.chess.com"]
[Date "2023.12.05"]
[Round "5"]
[White "Antonio, Jorge Carlos"]
[Black "Asish Panda"]
[Result "0-1"]
[Board "119"]
[TimeControl "180+1"]
[WhiteFideId "113190"]
[BlackFideId "45012458"]
[WhiteElo "2310"]
[BlackElo "2563"]
[WhiteTeam "ARG"]
[BlackTeam "IND"]
[WhiteClock "0:00:14"]
[BlackClock "0:00:04"]

1. d4 d5 2. Nf3 Nf6 3. Bf4 e6 4. e3 Bd6 5. Ne5 O-O 6. Bd3 c5 7. c3 Nc6 8. Nd2 Qc7 9. Ndf3 Ne4 10. O-O f6 11. Nxc6 bxc6 12. Bxd6 Qxd6 13. Nd2 Nxd2 14. Qxd2 cxd4 15. exd4 e5 16. dxe5 fxe5 17. Rae1 Qf6 18. f3 Bf5 19. Bxf5 Qxf5 20. Qe3 Rfe8 21. Qc5 Re6 22. Re2 Rf8 23. Rfe1 Rg6 24. Kh1 e4 25. fxe4 Qh5 26. exd5 cxd5 27. Re8 Rf6 28. Rxf8+ Rxf8 29. Qxa7 h6 30. Qe3 Qg6 31. h3 Kh7 32. Rd1 Rf5 33. Qd3 h5 34. Kh2 h4 35. Qd4 Qg3+ 36. Kh1 Rg5 37. Qg1 Rf5 38. Qe1 Qg5 39. Qd2 Rf1+ 40. Kh2 Qg3# 0-1

[Event "December 5 Late 2023"]
[Site "https://www.chess.com"]
[Date "2023.12.05"]
[Round "5"]
[White "Rian, Kapriaga"]
[Black "Ezat, Mohamed"]
[Result "1-0"]
[Board "120"]
[TimeControl "180+1"]
[WhiteFideId "7103263"]
[BlackFideId "10600906"]
[WhiteElo "2302"]
[BlackElo "2553"]
[WhiteTeam "INA"]
[BlackTeam "EGY"]
[WhiteClock "0:01:20"]
[BlackClock "0:00:00"]

1. d4 Nf6 2. Nf3 g6 3. c4 Bg7 4. Nc3 O-O 5. Bg5 d6 6. e3 h6 7. Bh4 Nbd7 8. Be2 g5 9. Bg3 Nh5 10. Nd2 Nxg3 11. hxg3 c5 12. Nf3 b6 13. Qc1 Bb7 14. d5 a6 15. Qc2 e5 16. g4 b5 17. cxb5 axb5 18. Bxb5 Nb6 19. Rd1 c4 20. O-O Bc8 21. Nh2 f5 22. gxf5 Bxf5 23. e4 1-0

[Event "December 5 Late 2023"]
[Site "https://www.chess.com"]
[Date "2023.12.05"]
[Round "5"]
[White "Hajiyev, Kanan"]
[Black "Mohammad, Fahim"]
[Result "1-0"]
[Board "121"]
[TimeControl "180+1"]
[WhiteFideId "13404148"]
[BlackFideId "10206248"]
[WhiteElo "2527"]
[BlackElo "2305"]
[WhiteTeam "AZE"]
[BlackTeam "FRA"]
[WhiteClock "0:02:04"]
[BlackClock "0:00:03"]

1. d4 Nf6 2. Nf3 g6 3. c4 c5 4. g3 Bg7 5. d5 b5 6. cxb5 a6 7. d6 axb5 8. dxe7 Qxe7 9. Bg2 Bb7 10. O-O O-O 11. a4 b4 12. Nbd2 d5 13. Rb1 Rd8 14. b3 Ne4 15. Nxe4 dxe4 16. Nd2 Nc6 17. e3 Ne5 18. Qc2 Nd3 19. Nc4 Kh8 20. Bb2 Nxb2 21. Nxb2 Rac8 22. Nc4 Rd3 23. Rfd1 Rcd8 24. h4 h6 25. Kh2 f5 26. Rd2 g5 27. hxg5 Qxg5 28. Rbd1 R8d7 29. Rxd3 exd3 30. Rxd3 Rxd3 31. Qxd3 Bxg2 32. Kxg2 h5 33. Qd1 h4 34. Qh1 Kg8 35. Qxh4 Qg6 36. Qf4 Qe6 37. a5 Qd5+ 38. Qf3 Qd3 39. a6 1-0

[Event "December 5 Late 2023"]
[Site "https://www.chess.com"]
[Date "2023.12.05"]
[Round "5"]
[White "Sanchez Alvares, Kelvin Antonio"]
[Black "Weisz, Bryan"]
[Result "1-0"]
[Board "122"]
[TimeControl "180+1"]
[WhiteFideId "3906680"]
[BlackFideId "30934133"]
[WhiteElo "2518"]
[BlackElo "2292"]
[WhiteTeam "VEN"]
[BlackTeam "USA"]
[WhiteClock "0:01:19"]
[BlackClock "0:01:30"]

1. e4 Nc6 2. d4 d5 3. e5 Bf5 4. Nf3 e6 5. Bb5 f6 6. O-O Ne7 7. Re1 Ng6 8. exf6 Qxf6 9. h3 Bd6 10. Bg5 Qf7 11. Nc3 O-O 12. Be3 Bxh3 13. Ng5 Qf5 14. Nxh3 Nh4 15. Bf1 Rf6 16. Bg5 Nxg2 17. Bxg2 Rg6 18. Qd3 Rxg5 19. Nxg5 Qxg5 20. Rxe6 Rf8 21. Nxd5 Qh4 22. f4 Rxf4 23. Nxf4 Qxf4 24. Re8+ Bf8 25. Rf1 1-0

[Event "December 5 Late 2023"]
[Site "https://www.chess.com"]
[Date "2023.12.05"]
[Round "5"]
[White "Shapiro, Daniel"]
[Black "Martins, Bruno Andre Leite"]
[Result "0-1"]
[Board "123"]
[TimeControl "180+1"]
[WhiteFideId "2001780"]
[BlackFideId "1942255"]
[WhiteElo "2292"]
[BlackElo "2518"]
[WhiteTeam "USA"]
[BlackTeam "POR"]
[WhiteClock "0:00:00"]
[BlackClock "0:00:25"]

1. d4 Nf6 2. c4 e6 3. g3 Bb4+ 4. Bd2 Bxd2+ 5. Qxd2 O-O 6. Bg2 d5 7. Nf3 dxc4 8. Na3 Ne4 9. Qc2 Nd6 10. Nxc4 Nc6 11. O-O Nf5 12. e3 b6 13. Nfe5 Nxe5 14. Bxa8 Ba6 15. dxe5 Qxa8 16. Rfd1 Qf3 17. e4 Nh4 18. gxh4 Qg4+ 19. Kf1 f5 20. exf6 Rxf6 21. Rd8+ Kf7 22. Rad1 Qh3+ 23. Ke1 Qxh2 24. R1d7+ Kg6 25. e5+ Rf5 26. Ne3 Qg1+ 27. Kd2 Qxf2+ 28. Kc1 Qxe3+ 29. Kb1 Kh6 30. Qd2 Rf1+ 31. Kc2 Rf2 0-1

[Event "December 5 Late 2023"]
[Site "https://www.chess.com"]
[Date "2023.12.05"]
[Round "5"]
[White "Ferreira, Vitor Hugo Vieira"]
[Black "De Souza, Cristiano Gomes"]
[Result "1-0"]
[Board "124"]
[TimeControl "180+1"]
[WhiteFideId "2119765"]
[BlackFideId "2151758"]
[WhiteElo "2506"]
[BlackElo "2239"]
[WhiteTeam "BRA"]
[BlackTeam "BRA"]
[WhiteClock "0:00:34"]
[BlackClock "0:01:19"]

1. d4 Nf6 2. c4 g6 3. Nc3 Bg7 4. e4 d6 5. Nf3 O-O 6. Be2 e5 7. Be3 Ng4 8. Bg5 f6 9. Bc1 Nh6 10. c5 Nc6 11. cxd6 cxd6 12. O-O Bg4 13. Nxe5 Nxe5 14. dxe5 Bxe2 15. Qxe2 dxe5 16. Be3 b6 17. Rfd1 Qe7 18. Nd5 Qf7 19. Qc4 Kh8 20. Rac1 Ng4 21. Bd2 f5 22. f3 Nf6 23. Bg5 Nxd5 24. Qxd5 h6 25. Be3 fxe4 26. fxe4 Kh7 27. Qxf7 Rxf7 28. Rc6 Raf8 29. h3 Rf6 30. Rc7 R8f7 31. Rdd7 Kg8 32. Rxa7 Rxd7 33. Rxd7 Rc6 34. Rb7 Rc4 35. Rxb6 Rxe4 36. Kf2 Kh7 37. b3 Bf8 38. Rb7+ Kg8 39. Kf3 Rh4 40. a4 g5 41. a5 e4+ 42. Ke2 g4 43. Bf2 Rh5 44. b4 gxh3 45. gxh3 Rxh3 46. a6 Rb3 47. Bc5 Bxc5 48. bxc5 Ra3 49. a7 1-0

[Event "December 5 Late 2023"]
[Site "https://www.chess.com"]
[Date "2023.12.05"]
[Round "5"]
[White "Golubenko, Valentina"]
[Black "Gutierrez Olivares, Daniel"]
[Result "1-0"]
[Board "125"]
[TimeControl "180+1"]
[WhiteFideId "4501993"]
[BlackFideId "2264005"]
[WhiteElo "2230"]
[BlackElo "2500"]
[WhiteTeam "CRO"]
[BlackTeam "ESP"]
[WhiteClock "0:00:08"]
[BlackClock "0:00:01"]

1. e4 e6 2. Nf3 d5 3. exd5 exd5 4. d4 Nc6 5. Bd3 Nge7 6. O-O Bg4 7. c3 f6 8. h3 Bh5 9. Nbd2 Qd7 10. Qc2 g5 11. c4 Nb4 12. Qb1 g4 13. hxg4 Qxg4 14. Bxh7 f5 15. Ne5 Qh4 16. Bxf5 Bg4 17. Bg6+ Kd8 18. Nf7+ Kd7 19. Nxh8 Qxh8 20. a3 Nbc6 21. cxd5 Nxd4 22. f3 Bf5 23. Bxf5+ Nexf5 24. Ne4 Be7 25. Qd3 Qh4 26. Be3 Nxe3 27. Qxe3 Nf5 28. Qf2 Qh7 29. Nc5+ Kc8 30. Ne6 b6 31. Qc2 Kb7 32. Qxc7+ Ka6 33. Qc4+ Kb7 34. Qc6+ Ka6 35. Qc4+ Kb7 36. Qc6+ Kb8 37. Qc7# 1-0

[Event "December 5 Late 2023"]
[Site "https://www.chess.com"]
[Date "2023.12.05"]
[Round "5"]
[White "Reprintsev, Alexander"]
[Black "Floresvillar Gonzalez, Luis Migu"]
[Result "1-0"]
[Board "126"]
[TimeControl "180+1"]
[WhiteFideId "14100541"]
[BlackFideId "5100542"]
[WhiteElo "2493"]
[BlackElo "2215"]
[WhiteTeam "UKR"]
[BlackTeam "MEX"]
[WhiteClock "0:01:44"]
[BlackClock "0:00:27"]

1. e4 e6 2. d4 d5 3. Nc3 dxe4 4. Nxe4 Nd7 5. Nf3 Ngf6 6. Nxf6+ Nxf6 7. c3 c5 8. Be3 cxd4 9. Bxd4 Be7 10. Bb5+ Bd7 11. Qa4 Bxb5 12. Qxb5+ Qd7 13. Qxd7+ Kxd7 14. Ne5+ Ke8 15. O-O-O a6 16. f3 Rd8 17. Bb6 Rxd1+ 18. Rxd1 h5 19. c4 h4 20. Kc2 Rh5 21. Bd4 b5 22. cxb5 axb5 23. Nc6 Bc5 24. Bxf6 Bb6 25. Bd4 Bxd4 26. Nxd4 h3 27. g4 Rc5+ 28. Kb3 e5 29. Nf5 g6 30. Nd6+ Ke7 31. Ne4 Rc7 32. Kb4 Rc2 33. Rd2 Rc1 34. Kxb5 Rg1 35. a4 Rg2 36. g5 1-0

[Event "December 5 Late 2023"]
[Site "https://www.chess.com"]
[Date "2023.12.05"]
[Round "5"]
[White "NovakRatko"]
[Black "Einarsson, Halldor Gretar"]
[Result "1-0"]
[Board "127"]
[TimeControl "180+1"]
[BlackFideId "2300150"]
[WhiteElo "2469"]
[BlackElo "2215"]
[BlackTeam "ISL"]
[WhiteClock "0:00:35"]
[BlackClock "0:00:00"]

1. d4 Nf6 2. c4 g6 3. Nc3 d5 4. f3 Bg7 5. e4 dxe4 6. fxe4 e5 7. d5 O-O 8. Be2 c6 9. Bg5 Qa5 10. Qd2 cxd5 11. Bxf6 Bxf6 12. Nxd5 Qxd2+ 13. Kxd2 Bg5+ 14. Kc3 Nc6 15. Nf3 Bd8 16. b4 Be6 17. b5 Ba5+ 18. Kb2 Bxd5 19. exd5 Nd4 20. Nxd4 exd4 21. Rad1 Rfe8 22. Bf3 Bc3+ 23. Kb1 Rac8 24. d6 Rxc4 25. a3 Re5 26. d7 Rxb5+ 27. Kc2 Ba5+ 28. Kd3 Rc3+ 29. Kxd4 Rbc5 30. Bd5 Kg7 31. Rhe1 Bd8 32. Re8 Bf6+ 33. Ke4 Ra5 34. Rb1 1-0

[Event "December 5 Late 2023"]
[Site "https://www.chess.com"]
[Date "2023.12.05"]
[Round "5"]
[White "Duncan, Chris R"]
[Black "Mizzi, Jack"]
[Result "0-1"]
[Board "128"]
[TimeControl "180+1"]
[WhiteFideId "403091"]
[BlackFideId "5602521"]
[WhiteElo "2211"]
[BlackElo "2451"]
[WhiteTeam "ENG"]
[BlackTeam "MLT"]
[WhiteClock "0:00:40"]
[BlackClock "0:00:07"]

1. d4 Nf6 2. c4 e6 3. Nc3 d5 4. cxd5 exd5 5. Bg5 Be7 6. e3 c6 7. Bd3 h6 8. Bh4 Ne4 9. Bxe7 Qxe7 10. Nge2 O-O 11. O-O f5 12. Qc2 a5 13. Rae1 Na6 14. Ng3 Nb4 15. Qb1 Nxd3 16. Qxd3 b6 17. f3 Nxg3 18. hxg3 Ba6 19. Qd2 Bxf1 20. Kxf1 Rae8 21. Kf2 Rf6 22. Ne2 g5 23. Nc1 Re6 24. Nd3 c5 25. Ne5 Rxe5 26. dxe5 Qxe5 27. Rd1 Kg7 28. Qxd5 Qxe3+ 29. Kf1 Re7 30. Qd6 Qe5 31. Qxe5+ Rxe5 32. Rd6 b5 33. a4 b4 34. Ra6 c4 35. Rc6 Re3 36. Rxc4 Rb3 37. Rc5 Rxb2 38. Rxf5 Ra2 39. Rxa5 b3 40. Rb5 b2 41. a5 Ra1+ 42. Kf2 b1=Q 43. Rxb1 Rxb1 44. Ke3 Ra1 45. a6 Rxa6 46. g4 Kf6 47. Kf2 Ra2+ 48. Kg3 Ke5 49. Kh3 Kf4 50. Kh2 Ra3 51. Kh3 Rxf3+ 52. gxf3 Kxf3 53. Kh2 Kxg4 54. Kg2 h5 55. Kh2 h4 56. Kg2 h3+ 57. Kh2 Kh4 58. Kg1 g4 59. Kh2 g3+ 60. Kh1 Kg4 61. Kg1 Kf3 62. Kh1 g2+ 63. Kg1 h2+ 64. Kxh2 Kf2 65. Kh3 g1=R 66. Kh4 Kf3 67. Kh5 Kf4 68. Kh6 Kf5 69. Kh5 Rh1# 0-1